AoeStats
← cocotea121

Arabia

508662324Analyzed
1v1 RM · 10d ago on Sep 23, 2026· 19m 11s· 2 players
Game mode
Random Map
Map size
Tiny (2 player)
Population
200
Speed
Normal
Resources
Standard
Victory
Conquest
Starting age
Dark Age
Ending age
Imperial Age
RankedLock teamsTeams togetherTeam positionsShared explorationLock speedFull tech treeHidden civsTurbo modeCheats
Victory
Defeat
🇨🇴 Byzantines · Colombia
908
+17
🇹🇼 Mongols · Taiwan
938
-43
FELIPE41
0:34 Loom
10:57 Feudal Age
11:40 Double-Bit Axe
11:36 Horse Collar
cocotea121
7:58 Loom
11:10 Feudal Age
12:39 Double-Bit Axe
17:53 Fletching
Connection lost

Rejoining the realm…

Still unreachable

The connection could not be restored.

Session expired

The server has moved on; the page needs a fresh start.